 Dungeon Crawl Stone Soup version 0.21.0-24-g2553a3340b (console) character file.

163 uvhash the Chucker (level 5, 0/41 HPs)
             Began as a Demonspawn Hunter on Jan 20, 2018.
             Killed by divine providence
             ... invoked by an orc priest
              (12 damage)
             ... on level 3 of the Dungeon.
             The game lasted 00:04:20 (2618 turns).

uvhash the Chucker (Demonspawn Hunter)              Turns: 2618, Time: 00:04:21

Health: 0/41       AC:  4    Str: 14    XL:     5   Next: 20%
Magic:  0/5        EV: 12    Int: 12    God:
Gold:   146        SH:  0    Dex: 13    Spells: 4/4 levels left

rFire    . . .     SeeInvis +   a - +0 short sword
rCold    . . .     Gourm    .   (no shield)
rNeg     . . .     Faith    .   b - +0 leather armour
rPois    .         Spirit   +   (no helmet)
rElec    .         Reflect  .   (no cloak)
rCorr    .         Harm     .   w - +0 pair of gloves
MR       .....                  (no boots)
Stlth    ++........             (no amulet)
HPRegen  0.13/turn              v - ring of see invisible
MPRegen  0.18/turn              (no ring)

@: no status effects
A: magic shield, magic regeneration
a: no special abilities


You were on level 3 of the Dungeon.
You were hungry.

You visited 1 branch of the dungeon, and saw 4 of its levels.

You collected 146 gold pieces.

Inventory:

Hand Weapons
 a - a +0 short sword (weapon)
 j - a +0 hand axe
 t - a +0 war axe
Missiles
 g - 25 poisoned needles
Armour
 b - a +0 leather armour (worn)
 u - a +0 buckler
 w - a +0 pair of gloves (worn)
Jewellery
 v - a ring of see invisible (left hand)
Scrolls
 e - 2 scrolls of immolation
 k - 2 scrolls of amnesia
 l - 2 scrolls of fear
 p - a scroll of fog {unknown}
 r - 2 scrolls of teleportation {unknown}
 s - a scroll of remove curse {unknown}
Potions
 d - a potion of curing
 i - a potion of magic
 n - a potion of degeneration {unknown}
 o - a potion of heal wounds {unknown}
Comestibles
 f - 6 rations


   Skills:
 + Level 3.4 Fighting
 + Level 4.5 Throwing
 - Level 1.7 Dodging
 + Level 3.0 Stealth


You had 4 spell levels left.
You didn't know any spells.

Dungeon Overview and Level Annotations

Branches:
Dungeon (4/15)
 Temple: D:4-7

Altars:
Dithmenos
Fedhas
Kikubaaqudgha
Nemelex Xobeh
Sif Muna
Uskayaw

Annotations:
D:3 Pixllover's ghost, amateur MiBe


Innate Abilities, Weirdness & Mutations

When hurt, damage is shared between your health and your magic reserves.
You regenerate magic rapidly.


Message History

The orc priest is severely wounded.
The orc priest hits you with a hand axe.
You hit the orc priest but do no damage.
The orc priest is severely wounded.
The orc priest closely misses you.
You hit the orc priest.
The orc priest is almost dead.
The quokka twitches its whiskers.
The orc priest hits you with a hand axe.
You hit the orc priest but do no damage.
The orc priest is almost dead.
The orc priest invokes the aid of Beogh against you.
Beogh smites you!
* * * LOW HITPOINT WARNING * * *
You hear a shout!
You hit the orc priest.
The orc priest is almost dead.
The orc priest calls down the wrath of Beogh upon you.
Beogh smites you!
You die...

#..# #.............# .
#..# #.##.#######..#
#..## # ##.# ##.#
##...###.##.## #.#
##...#.##.#...# #.#
##.#...(........## #>#
.........#.......#####.#
.#######.........or(.(.#
.# #..#.....@####.## .#
#...>)...## #.# .#
#.......# #.# .#
#.###.... ... .#
#.###..## #.#
.#######......# #.#
.........####.# #.#
####.....# #r#
#.#.#.####..


You could see an orc priest and a quokka.

Vanquished Creatures
  A water moccasin skeleton (D:4)
  A howler monkey (D:4)
  A worker ant (D:4)
  An adder (D:2)
  An ooze (D:1)
  2 leopard geckos
  A ball python (D:1)
  3 giant cockroaches
  8 goblins
  7 hobgoblins
  2 kobolds
  3 bats
  2 frilled lizards
33 creatures vanquished.

Notes
Turn   | Place    | Note
-------+----------+-------------------------------------------
     0 | D:1      | uvhash the Demonspawn Hunter began the quest for the Orb.
     0 | D:1      | Reached XP level 1. HP: 16/16 MP: 1/1
    46 | D:1      | Reached skill level 1 in Stealth
   112 | D:1      | Gained mutation: When hurt, damage is shared between your health and your magic reserves. [demonic ancestry]
   112 | D:1      | Reached XP level 2. HP: 13/22 MP: 2/2
   889 | D:2      | Found a shadowy altar of Dithmenos.
  1054 | D:2      | Found an ancient bone altar of Kikubaaqudgha.
  1059 | D:2      | Found a hide-covered altar of Uskayaw.
  1059 | D:2      | Found a deep blue altar of Sif Muna.
  1059 | D:2      | Found a sparkling altar of Nemelex Xobeh.
  1148 | D:2      | Gained mutation: You regenerate magic rapidly. [demonic ancestry]
  1148 | D:2      | Reached XP level 3. HP: 28/28 MP: 3/3
  1226 | D:2      | Reached skill level 4 in Throwing
  1791 | D:3      | Noticed Pixllover's ghost (amateur MiBe)
  2046 | D:3      | Found a blossoming altar of Fedhas.
  2164 | D:4      | Reached XP level 4. HP: 15/35 MP: 0/4
  2437 | D:4      | Reached XP level 5. HP: 20/41 MP: 3/5
  2438 | D:4      | Noticed a centaur
  2618 | D:3      | Killed from afar by an orc priest

Skill      XL: |  1  2  3  4 |
---------------+-------------+-----
Stealth        | 1 2 3 |  3.0
Throwing       | 4 |  4.5
Fighting       | 3 |  3.4
Dodging        | |  1.7

Action                   |  1- 3 |  4- 6 || total
-------------------------+-------+-------++-------
Melee: Short sword       |   106 |    27 ||   133
Throw: Javelin           |    14 |    12 ||    26
       Throwing net      |     2 |       ||     2
  Use: Potion            |     2 |     1 ||     3
       Scroll            |     1 |     3 ||     4
 Stab: Sleeping          |     2 |     1 ||     3
       Held in net/web   |     1 |       ||     1
  Eat: Ration            |     1 |       ||     1
       Chunk             |     1 |       ||     1
Armor: Leather armour    |    25 |     3 ||    28
       Skin              |       |     1 ||     1
Dodge: Dodged            |    81 |    18 ||    99
